 Dungeon Crawl Stone Soup version 0.18-a0-1577-gf591c28 (webtiles) character file.

56 M4edhros the Sneak (level 3, 0/23 HPs)
             Began as an Octopode Artificer on Mar 24, 2016.
             Succumbed to Sigmund's poison
             ... on level 2 of the Dungeon.
             The game lasted 00:01:40 (1250 turns).

M4edhros the Sneak (Octopode Artificer)             Turns: 1250, Time: 00:01:40

Health: 0/23       AC:  1    Str: 15    XL:     3   Next: 95%
Magic:  5/5        EV: 13    Int: 14    God:
Gold:   31         SH:  0    Dex: 13    Spells: 0 memorised, 2 levels left

rFire  . . .     SeeInvis .     o - +1 short sword (drain)
rCold  . . .     Gourm    .     (no shield)
rNeg   . . .     Faith    .     (helmet restricted)
rPois  .         Spirit   .     (no amulet)
rElec  .         Dismiss  .     (no ring)
rCorr  .         Reflect  .     (no ring)
SustAt .         Harm     .     (no ring)
MR     .....                    (no ring)
Stlth  ++........               (no ring)
                                (no ring)
                                (no ring)
                                (no ring)

@: confused, mighty, lethally poisoned (0 -> -27), drained, not resistant to
hostile enchantments, unstealthy
A: almost no armour, amphibious, 8 rings, constrict 8, camouflage 1, gelatinous
body 1
a: no special abilities


You were on level 2 of the Dungeon.
You were not hungry.

You visited 1 branch of the dungeon, and saw 2 of its levels.

You collected 31 gold pieces.

Inventory:

Hand Weapons
 a - a +0 short sword
 k - a +0 hunting sling
 o - a +1 short sword of draining (weapon)
Missiles
 h - 19 poisoned needles
 i - 26 stones (quivered)
 j - 17 sling bullets
Wands
 b - a wand of flame (15/48)
 c - a wand of enslavement (15/24)
 d - a wand of random effects (15/48)
Scrolls
 e - a scroll of magic mapping {unknown}
 l - 2 scrolls of identify {unknown}
 m - a scroll of recharging {unknown}
Comestibles
 f - a bread ration
 g - 2 chunks of flesh


   Skills:
 - Level 1.0(0.8) Fighting
 - Level 1.0(0.8) Short Blades
 + Level 3.0(2.8) Dodging
 * Level 4.1(3.8) Stealth
 - Level 3.2(3.0) Evocations


You had 2 spell levels left.
You didn't know any spells.

Dungeon Overview and Level Annotations

Branches:
Dungeon (2/15)

Altars:

Annotations:
D:2 Sigmund


Innate Abilities, Weirdness & Mutations

You cannot wear most types of armour.
You are amphibious.
You can wear up to eight rings at the same time.
You can use your tentacles to constrict eight enemies at once.
Your skin changes colour to match your surroundings (Stealth).
Your rubbery body absorbs attacks (AC +1).


Message History

You hit Sigmund but do no damage. You grab Sigmund.
Your squeeze misses Sigmund.
You constrict Sigmund, but do no damage.
The adder bites you. Sigmund gestures at you while chanting.
You are confused.
Drink which item? (? for menu, Esc to quit)
It was a potion of might.
You feel very mighty all of a sudden.
You constrict Sigmund, but do no damage.
The adder bites you.
You are poisoned.
The adder poisons you!
Sigmund hits you with a scythe of venom!
Ouch! That really hurt!
* * * LOW HITPOINT WARNING * * *
You are more poisoned.
The adder misses you.
You release your grip on Sigmund.
You die...

###.# ##.###.##.# ....#.
##.#.###.# ........###.##
#.# .##...... #.# #.#
........ ..# #.# #.....
#### #.# # .w.. #.#
.###.##.## #.#
......S.@## #.######
......@...########.......
##.#####...........######
##.########.# #.# #.# #.#
#.# #.# #.# #.# #.# #.#
#.#


You could see Sigmund, an adder and a dart slug.

Vanquished Creatures
  2 adders (D:2)
  2 dart slugs (D:1)
  5 bats
  5 giant cockroaches (D:1)
  2 goblins (D:1)
  4 hobgoblins (D:1)
  5 kobolds
  2 giant newts (D:1)
  4 rats (D:1)
31 creatures vanquished.

Notes
Turn   | Place    | Note
--------------------------------------------------------------
     0 | D:1      | M4edhros the Octopode Artificer began the quest for the Orb.
     0 | D:1      | Reached XP level 1. HP: 13/13 MP: 3/3
   144 | D:1      | Reached skill level 2 in Stealth
   213 | D:1      | Reached XP level 2. HP: 18/18 MP: 4/4
   786 | D:1      | Reached skill level 3 in Stealth
   796 | D:1      | Reached XP level 3. HP: 15/23 MP: 5/5
  1202 | D:2      | Reached skill level 4 in Stealth
  1242 | D:2      | Noticed Sigmund
  1250 | D:2      | Succumbed to Sigmund's poison

Vault maps used:
D:1:      dpeg_arrival_boxorama
D:2:      kennysheep_the_goblin_king, uniq_sigmund

Skill      XL: |  1  2  3 |
---------------+----------+-----
Stealth        | 2 3 4 |  4.1
Dodging        | 3 |  3.0
Fighting       | |  1.0
Short Blades   | |  1.0
Evocations     | |  3.2

Action                   || total
-------------------------++-------
Melee: Short sword       ||    59
 Fire: Hunting sling     ||     9
  Use: Potion            ||     4
 Stab: Sleeping          ||     7
       Distracted        ||     1
  Eat: Chunk             ||     1
